 Dungeon Crawl Stone Soup version 0.28.0-45-g0d030f2227 (webtiles) character file.

Game seed: 15363550078242938851

301 Ablot the Cutter (level 6, -2/53 HPs)
             Began as a Gnoll Chaos Knight on Apr 15, 2022.
             Was a Plaything of Xom.
             Splashed by a jelly's acid (8 damage)
             ... on level 4 of the Dungeon.
             The game lasted 00:04:40 (3003 turns).

Ablot the Cutter (Gnoll Chaos Knight)               Turns: 3003, Time: 00:04:41

Health: -2/53      AC:  4    Str: 17      XL:     6   Next: 37%
Magic:  8/8        EV: 11    Int: 11 (12) God:    Xom [......]
Gold:   95         SH:  0    Dex:  7 (9)  Spells: 8/8 levels left

rFire   . . .      SeeInvis .   a - +0 short sword (chaos)
rCold   . . .      Faith    +   (no shield)
rNeg    + . .      Spirit   .   b - +2 leather armour
rPois   .          Reflect  .   y - +0 helmet
rElec   .          Harm     .   (no cloak)
rCorr   .          Rampage  .   p - +2 pair of gloves
Will    .....                   t - +1 pair of boots
Stlth   +.........              q - amulet of faith
HPRegen 0.17/turn               v - ring of positive energy
MPRegen 0.11/turn               B - +6 ring of strength

@: corroded
A: fangs 1, strong nose, distributed training, clumsy 1, low MP 1, weak 1
a: Renounce Religion


You were on level 4 of the Dungeon.
You worshipped Xom.
You were a very special plaything of Xom.
You visited 1 branch of the dungeon, and saw 4 of its levels.

You collected 95 gold pieces.

Inventory:

Hand Weapons
 a - a +0 short sword of chaos (weapon)
Missiles
 j - 41 arrows
 l - 92 stones (quivered)
 r - 24 sling bullets
 s - 26 bolts
Armour
 b - a +2 leather armour (worn)
 p - a +2 pair of gloves (worn)
 t - a +1 pair of boots (worn)
 y - a +0 helmet (worn)
Jewellery
 q - an amulet of faith (around neck)
 v - a ring of positive energy (left hand)
 w - an amulet of reflection
 B - a +6 ring of strength (right hand)
Wands
 x - a wand of charming (6)
Scrolls
 c - 3 scrolls of identify {unknown}
 d - 2 scrolls of magic mapping {unknown}
 e - a scroll of torment {unknown}
 f - 2 scrolls of blinking {unknown}
 n - 2 scrolls of immolation {unknown}
 o - 3 scrolls of summoning {unknown}
Potions
 g - 2 potions of curing {unknown}
 h - a potion of mutation {unknown}
 i - a potion of magic {unknown}
 k - a potion of brilliance {unknown}
 u - a potion of invisibility {unknown}
 z - a potion of heal wounds {unknown}
 A - a potion of cancellation {unknown}


   Skills:
 + Level 6.8 Fighting
 + Level 6.8 Short Blades
 + Level 1.9 Long Blades
 + Level 1.9 Axes
 + Level 1.9 Maces & Flails
 + Level 1.9 Polearms
 + Level 1.9 Staves
 + Level 1.9 Slings
 + Level 1.9 Bows
 + Level 1.9 Crossbows
 + Level 1.9 Throwing
 + Level 5.0 Armour
 + Level 3.2 Dodging
 + Level 1.9 Stealth
 + Level 1.9 Shields
 + Level 1.9 Unarmed Combat
 + Level 1.9 Spellcasting
 + Level 1.5 Conjurations
 + Level 1.5 Hexes
 + Level 1.5 Summonings
 + Level 1.5 Necromancy
 + Level 1.5 Translocations
 + Level 1.5 Transmutations
 + Level 1.5 Fire Magic
 + Level 1.5 Ice Magic
 + Level 1.5 Air Magic
 + Level 1.5 Earth Magic
 + Level 1.5 Poison Magic
 + Level 2.1 Invocations
 + Level 1.9 Evocations


You had 8 spell levels left.
You didn't know any spells.
Your spell library contained the following spells:

 Spells                   Type           Power      Damage    Failure   Level
 Beastly Appendage        Tmut           8%         N/A       19%         1
 Shock                    Conj/Air       16%        1d4       19%         1
 Spider Form              Tmut/Pois      4%         N/A       50%         3
 Swiftness                Air            4%         N/A       50%         3
 Airstrike                Air            2%         N/A       88%         4
 Eringya's Noxious Bog    Tmut/Pois      2%         N/A       100%        6
 Necromutation            Tmut/Necr      2%         N/A       100%        8


Dungeon Overview and Level Annotations

Branches:
Dungeon (4/15)
 Temple: D:4-7

Altars:

Shops:
D:3 (


Innate Abilities, Weirdness & Mutations

You have very sharp teeth.
Your uncanny sense of smell can sniff out nearby items.
Your experience applies equally to all skills.
You are clumsy. (Dex -2)
Your magical capacity is low. (-10% MP)
You are weak. (Str -2)


Message History

HP restored.
You climb downwards.
There is a stone staircase leading up, spattered with blood here.
Unknown command.
Throw: 3 darts (poison)
Press: ? - help, Q - select action, (/) - cycle Shift-Dir - straight line, f - jelly
Aim: a jelly (89% to hit)
You throw a poisoned dart. The poisoned dart hits the jelly.
Unknown command.
Throw: 2 darts (poison)
Press: ? - help, Q - select action, (/) - cycle Shift-Dir - straight line, f/p - jelly
Aim: a jelly (89% to hit)
You throw a poisoned dart. The poisoned dart hits the jelly.
Unknown command.
Throw: dart (poison)
Press: ? - help, Q - select action, (/) - cycle Shift-Dir - straight line, f/p - jelly
Aim: a jelly (89% to hit)
You throw a poisoned dart. The poisoned dart hits the jelly.
Unknown command.
You hit the jelly. The acid corrodes you!
Your hands burn!
The jelly is moderately wounded.
The jelly barely misses you.
The orc priest invokes the aid of Beogh against you.
Beogh smites you! The jelly completely misses you. The jelly hits you.
You are splashed with acid!
There is a stone staircase leading up, spattered with blood here.
You hit the jelly.
Your hands burn!
The jelly is severely wounded.
The orc priest mumbles some strange prayers to Beogh against you.
Beogh smites you!
* * * LOW HITPOINT WARNING * * *
The jelly hits you but does no damage.
You hit the jelly but do no damage. The acid corrodes you!
Your hands burn!
* * * LOW HITPOINT WARNING * * *
The jelly is severely wounded.
The jelly hits you.
* * * LOW HITPOINT WARNING * * *
You are splashed with acid!
You die...
Xom roars with laughter!

#######.###########.# #.#
... #.#######.# ##.#
#.........# .#
########..#### # ###
#.......# #. #.. #...>...#
#.# #(# #.......#### #.#
#.# #.<......@.# #.# #.J
#.......##J# #.# #.#
#.......##o# #.# #.#
#.......##o# ##.#####..
###.######.######.........
#.............Jo........
########.######.#######.
#.# #.# . #.# #.# .


You could see a jelly, an orc priest and an orc.

Vanquished Creatures
  An ogre (D:3)
  A jelly (D:4)
  An orc priest (D:3)
  Terence (D:2)
  5 adders
  2 worms (D:2)
  4 dart slugs
  3 orcs (D:3)
  9 endoplasms
  2 giant cockroaches (D:3)
  4 goblins
  7 hobgoblins
  2 jackals (D:1)
  2 quokkas
  11 ball pythons
  3 bats
  6 frilled lizards
  4 kobolds
  11 rats
79 creatures vanquished.

Notes
Turn   | Place    | Note
-------+----------+-------------------------------------------
     0 | D:1      | Ablot the Gnoll Chaos Knight began the quest for the Orb.
     0 | D:1      | Reached XP level 1. HP: 23/23 MP: 1/1
    13 | D:1      | XOM: silly message
   134 | D:1      | Reached XP level 2. HP: 27/29 MP: 2/2
   140 | D:1      | XOM: 4-stop teleportation journey
   219 | D:1      | XOM: divination: detect creatures
   462 | D:1      | Reached XP level 3. HP: 33/35 MP: 3/3
   487 | D:1      | XOM: cloud trail
   585 | D:1      | XOM: divination: magic mapping
   920 | D:2      | XOM: noise
   925 | D:2      | Reached skill level 1 in Invocations
   938 | D:2      | XOM: god gift: scroll labelled FOXKEA WEDDO {god gift}
   961 | D:2      | XOM: snakes to sticks
   962 | D:2      | Noticed Terence
   978 | D:2      | Killed Terence
   979 | D:2      | Reached skill level 1 in Long Blades
   979 | D:2      | Reached skill level 1 in Axes
   979 | D:2      | Reached skill level 1 in Maces & Flails
   979 | D:2      | Reached skill level 1 in Polearms
   979 | D:2      | Reached skill level 1 in Staves
   979 | D:2      | Reached skill level 1 in Slings
   979 | D:2      | Reached skill level 1 in Bows
   979 | D:2      | Reached skill level 1 in Crossbows
   979 | D:2      | Reached skill level 1 in Throwing
   979 | D:2      | Reached skill level 1 in Stealth
   979 | D:2      | Reached skill level 1 in Shields
   979 | D:2      | Reached skill level 1 in Unarmed Combat
   979 | D:2      | Reached skill level 1 in Spellcasting
   979 | D:2      | Reached skill level 1 in Evocations
   979 | D:2      | Reached XP level 4. HP: 15/41 MP: 5/5
  1249 | D:2      | XOM: give mutation
  1249 | D:2      | Gained mutation: You are weak. (Str -2) [Xom's mischief]
  1251 | D:2      | Found a faded altar of an unknown god.
  1276 | D:2      | XOM: smoke on damage
  1435 | D:2      | XOM: fog
  1436 | D:2      | XOM: smoke on damage
  1444 | D:2      | Reached skill level 1 in Conjurations
  1444 | D:2      | Reached skill level 1 in Hexes
  1444 | D:2      | Reached skill level 1 in Summonings
  1444 | D:2      | Reached skill level 1 in Necromancy
  1444 | D:2      | Reached skill level 1 in Translocations
  1444 | D:2      | Reached skill level 1 in Transmutations
  1444 | D:2      | Reached skill level 1 in Fire Magic
  1444 | D:2      | Reached skill level 1 in Ice Magic
  1444 | D:2      | Reached skill level 1 in Air Magic
  1444 | D:2      | Reached skill level 1 in Earth Magic
  1444 | D:2      | Reached skill level 1 in Poison Magic
  1501 | D:2      | XOM: god gift: 11 gold pieces
  1749 | D:3      | Noticed an ogre
  1760 | D:3      | Killed an ogre
  1761 | D:3      | Reached XP level 5. HP: 33/47 MP: 5/7
  1823 | D:3      | XOM: 3-stop teleportation journey
  1909 | D:3      | XOM: destruction
  2017 | D:3      | Got the Disquisition on Transmutation and Intoxication
  2043 | D:3      | Found Kueqoufy's Antique Weapon Boutique.
  2111 | D:3      | Reached XP level 6. HP: 48/53 MP: 8/8
  2505 | D:4      | Reached skill level 5 in Armour
  2621 | D:4      | XOM: summons 4 hostile demons
  2622 | D:4      | Noticed a chaos spawn
  2676 | D:4      | XOM: give mutations
  2676 | D:4      | Gained mutation: You are clumsy. (Dex -2) [Xom's mischief]
  2676 | D:4      | Gained mutation: Your magical capacity is low. (-10% MP)
                  | [Xom's mischief]
  2981 | D:3      | XOM: stat loss: -1 Int (11/12)
  3003 | D:4      | Splashed by a jelly's acid

Illustrated notes

Levels and vault maps discovered:
D:1:      dpeg_arrival_ratfight, layout_loops_ring, minmay_fountain_box,
          serial_park_tiny_2, hangedman_abyss_or_decor_stabs
D:2:      layout_rooms, chequers_ecumenical_altar_simple_redux, uniq_terence
D:3:      layout_rooms, serial_shops, shop
D:4:      layout_loops_ring

Skill      XL: |  1  2  3  4  5  6 |
---------------+-------------------+-----
Invocations    | 1 2 |  2.1
Long Blades    | 1 |  1.9
Axes           | 1 |  1.9
Maces & Flails | 1 |  1.9
Polearms       | 1 |  1.9
Staves         | 1 |  1.9
Slings         | 1 |  1.9
Bows           | 1 |  1.9
Crossbows      | 1 |  1.9
Throwing       | 1 |  1.9
Stealth        | 1 |  1.9
Shields        | 1 |  1.9
Unarmed Combat | 1 |  1.9
Spellcasting   | 1 |  1.9
Evocations     | 1 |  1.9
Conjurations   | 1 |  1.5
Hexes          | 1 |  1.5
Summonings     | 1 |  1.5
Necromancy     | 1 |  1.5
Translocations | 1 |  1.5
Transmutations | 1 |  1.5
Fire Magic     | 1 |  1.5
Ice Magic      | 1 |  1.5
Air Magic      | 1 |  1.5
Earth Magic    | 1 |  1.5
Poison Magic   | 1 |  1.5
Dodging        | 3 |  3.2
Armour         | 5 |  5.0
Fighting       | |  6.8
Short Blades   | |  6.8

Action                   |  1- 3 |  4- 6 || total
-------------------------+-------+-------++-------
Melee: Short sword       |    90 |   153 ||   243
       Bite              |     7 |    24 ||    31
       Punch             |       |     4 ||     4
Throw: Dart              |       |     3 ||     3
 Stab: Confused          |     2 |       ||     2
       Paralysed         |     1 |     1 ||     2
       Petrifying        |     1 |       ||     1
       Sleeping          |       |     1 ||     1
Armor: Leather armour    |    23 |    41 ||    64
Dodge: Dodged            |    33 |    89 ||   122
